 Dungeon Crawl Stone Soup version 0.28.0-53-g5a82cb258f (console) character file.

Game seed: 9446251093627775648

11 Faeu the Vexing (level 2, 13/19 HPs)
             Began as a Vampire Enchanter on May 25, 2022.
             Quit the game on level 1 of the Dungeon on May 28, 2022.
             The game lasted 00:01:23 (201 turns).

Faeu the Vexing (Vampire Enchanter)                  Turns: 201, Time: 00:01:24

Health: 13/19      AC:  2    Str:  7    XL:     2   Next: 17%
Magic:  5/5        EV: 12    Int: 17    God:
Gold:   17         SH:  0    Dex: 14    Spells: 5/5 levels left

rFire   . . .      SeeInvis +   a - +1 dagger {short}
rCold   . . .      Faith    .   (no shield)
rNeg    . . .      Spirit   .   b - +0 robe
rPois   .          Reflect  .   (no helmet)
rElec   .          Harm     .   (no cloak)
rCorr   .          Rampage  .   (no gloves)
Will    .....                   (no boots)
Stlth   +++.......              (no amulet)
HPRegen 0.26/turn               (no ring)
MPRegen 0.09/turn               (no ring)

@: healing quickly
A: alive, fangs 3, see invisible, vampiric 1
a: Exsanguinate


You were on level 1 of the Dungeon.
You visited 1 branch of the dungeon, and saw 1 of its levels.

You collected 17 gold pieces.


Innate Abilities, Weirdness & Mutations

Your natural rate of healing is accelerated.
You have razor-sharp teeth.
You have supernaturally acute eyesight. (SInv)
You are afflicted with vampirism.


   Skills:
 + Level 1.4 Short Blades
 + Level 2.4 Dodging
 + Level 4.6 Stealth
 - Level 2.0 Spellcasting
 * Level 4.8 Hexes


You had 5 spell levels left.
You didn't know any spells.
Your spell library contained the following spells:

 Spells                   Type           Power      Damage    Failure   Level
 Confusing Touch          Hex            18%        N/A       8%          3
 Tukima's Dance           Hex            18%        N/A       8%          3
 Ensorcelled Hibernation  Hex/Ice        18%        N/A       11%         2
 Dazzling Flash           Conj/Hex       18%        N/A       22%         3

Inventory:

Hand Weapons
 a - a +1 dagger (weapon) {short}
Missiles
 e - 15 sling bullets
Armour
 b - a +0 robe (worn)
Scrolls
 f - a scroll of magic mapping {unknown}
Potions
 c - a potion of invisibility
 d - a potion of curing {unknown}

Dungeon Overview and Level Annotations

Branches:
Dungeon (1/15)

Altars:

.. #. ### #. ...#.
#.#. #.. ########
## #.##......###
#.# ##.)........##
#.###.#..P.....P.#
#.#.#.....♣.♣♣..#
#g@#.##.P.♣P.♣..#
##
#h#####...._♣♣..#
≈# #h #..P♣P..P.#
≈# #h #..♣♣P....#
≈# #. #.........#
§# #. ###.......##
≈# .. ........#.#
≈# ## #######...#
§# ##.### ≈#
##...## ≈##
######.....##


You could see 3 jackals and a hobgoblin.


Message History

There are monsters nearby!
There are monsters nearby!
You barely miss the endoplasm. The endoplasm freezes you.
You are frozen. 😕 HP[-3]
You take 3 damage, and now have 10/13 hp.
MASSIVE DAMAGE!! (PAUSE)
You hit the endoplasm. The endoplasm closely misses you.
You hit the endoplasm.
You kill the endoplasm!
An endoplasm comes into view. 😕 HP[+1]
You hit the endoplasm. You bite the endoplasm. The endoplasm barely misses you.
You hit the endoplasm.
You kill the endoplasm! 😕 HP[+1]
The helpless endoplasm fails to defend itself.
You puncture the endoplasm!
You kill the endoplasm!
You have reached level 2! 😎 HP[+7] MP[+2]
You now have 19 max hp (+6).
Your mp is fully restored (5).
d - a murky golden potion No target in view!
You now have 17 gold pieces.
A hobgoblin comes into view.
The hobgoblin shouts!
A hobgoblin is nearby!
You hit the hobgoblin. You closely miss the hobgoblin.
Your bite misses the hobgoblin. The hobgoblin hits you. 😕 HP[-3]
You take 3 damage, and now have 16/19 hp.
You closely miss the hobgoblin. The hobgoblin hits you. 😮 HP[-2]
You take 2 damage, and now have 14/19 hp.
You hit the hobgoblin. The hobgoblin barely misses you.
You hit the hobgoblin.
You kill the hobgoblin! 😕 HP[+1]
e - 15 sling bullets
Found a faded altar of an unknown god.
No target in view! 😎 HP[+4] 🤖 Initializing magus.rc ...
Options error: Bad monster_list_colour key: strict_neutral (~/.crawlrc:4766) ✅ Successfully initialized magus.rc [v1.9.6] Welcome back, Faeu the Vampire Enchanter.
Press ? for a list of commands and other information.
Save game and exit? 🤖 Initializing magus.rc ... ✅ Successfully initialized magus.rc [v1.9.6] Welcome back, Faeu the Vampire Enchanter.
Press ? for a list of commands and other information.
f - a scroll labelled JIOSIONUDGHU No target in view!
A kobold comes into view. It is wielding a +0 club.
A kobold is nearby!
A kobold is nearby!
A kobold is nearby!
A kobold is nearby!
A kobold is nearby!
A kobold is nearby!
The helpless kobold fails to defend itself.
You impale the kobold!!
You kill the kobold!
A hobgoblin comes into view.
Things that are here:
a +0 club {mace}; a stone {throwing}; a kobold corpse A hobgoblin is nearby!
A hobgoblin is nearby!
A hobgoblin is nearby!
A jackal comes into view.
The hobgoblin shouts!
The jackal barks!
You hear a bark!
The hobgoblin misses you.
You hear a bark!
There are monsters nearby!
You closely miss the hobgoblin. The hobgoblin hits you.
A jackal comes into view. 😕 HP[-3]
You take 3 damage, and now have 16/19 hp.
There are monsters nearby!
You barely miss the hobgoblin.
A jackal comes into view.
The hobgoblin hits you. 😕 HP[-1]
You take 1 damage, and now have 15/19 hp.
There are monsters nearby!
You barely miss the hobgoblin. The hobgoblin closely misses you.
The jackal misses you.
There are monsters nearby!
You closely miss the hobgoblin. The jackal barely misses you.
The hobgoblin closely misses you. 😕 HP[+1]
There are monsters nearby!
You hit the hobgoblin but do no damage. Your bite misses the hobgoblin.
The jackal barely misses you. The hobgoblin hits you. 😮 HP[-3]
You take 3 damage, and now have 13/19 hp.
Are you sure you want to abandon this character and quit the game? (Confirm with "yes".)

Action                   || total
-------------------------++-------
Melee: Dagger            ||    33
       Bite              ||     3
 Stab: Sleeping          ||     2
Armor: Robe              ||     3
Dodge: Dodged            ||    19

Levels and vault maps discovered:
D:1:      lightli_arrival_boilingwater, layout_loops_ring,
          dreamdust_ecumenical_altar_grove

Notes
Turn   | Place    | Note
-------+----------+-------------------------------------------
     0 | D:1      | Faeu the Vampire Enchanter began the quest for the Orb.
     0 | D:1      | Reached XP level 1. HP: 13/13 MP: 3/3
     0 | D:1      | magus.rc [v1.9.6]
    88 | D:1      | Reached XP level 2. HP: 19/19 MP: 5/5
   170 | D:1      | Found a faded altar of an unknown god.
   171 | D:1      | magus.rc [v1.9.6]
   171 | D:1      | magus.rc [v1.9.6]
   201 | D:1      | Quit the game

Vanquished Creatures
  3 endoplasms (D:1)
  A hobgoblin (D:1)
  3 jackals (D:1)
  A kobold (D:1)
  A ball python (D:1)
9 creatures vanquished.

Table legend:
 A = Non-vault XP
 B = Vault XP
 C = Vault XP percentage of total XP
 D = Non-vault monster count
 E = Vault monster count
 F = Vault count percentage of total count
                 A         B        C        D         E       F
            +---------+---------+-------+---------+---------+-------
      Total |      17 |       0 |   0.0 |       9 |       0 |   0.0
            +---------+---------+-------+---------+---------+-------
        D:1 |      17 |       0 |   0.0 |       9 |       0 |   0.0
            +---------+---------+-------+---------+---------+-------

Illustrated notes

Table legend:
 A = Kills in this place as a percentage of kills in entire the game.
 B = Kills by you in this place as a percentage of kills by you in the entire game.
 C = Kills by friends in this place as a percentage of kills by friends in the entire game.
 D = Other kills in this place as a percentage of other kills in the entire game.
 E = Experience gained in this place as a percentage of experience gained in the entire game.
 F = Experience gained in this place divided by the number of levels of this place that you have seen.
                   A       B       C       D       E      F
               +-------+-------+-------+-------+-------+----------------------
         Total | 100.0 | 100.0 |   N/A |   N/A | 100.0 |  17.0
       Dungeon | 100.0 | 100.0 |   N/A |   N/A | 100.0 |  17.0
               +-------+-------+-------+-------+-------+----------------------

Table legend: (Time is in decaauts)
 A = Elapsed time spent in this place.
 B = Non-inter-level travel time spent in this place.
 C = Inter-level travel time spent in this place.
 D = Time resting spent in this place.
 E = Time spent auto-exploring this place.
 F = Levels seen in this place.
 G = Mean time per level.
                   A        B        C        D        E       F      G
               +--------+--------+--------+--------+--------+-----+--------+
         Total |    200 |    200 |      0 |      0 |    121 |   1 |  200.0 |
       Dungeon |    200 |    200 |      0 |      0 |    121 |   1 |  200.0 |
               +--------+--------+--------+--------+--------+-----+--------+

Top non-repeatable levels by time:
     D:1: 200 daAuts
